[Event "Titled Tuesday Blitz August 15 Early 2023"]
[White "Dehtiarov, Roman"]
[Black "Ljukin, Sergei"]
[WhiteFideId "14186640"]
[BlackFideId "14102200"]
[WhiteElo "2663"]
[BlackElo "2456"]
[Result "1-0"]
[Round "5"]
[TimeControl "180+1"]
[Date "2023.08.15"]
[WhiteClock "0:00:08"]
[BlackClock "0:00:04"]
[Board "86"]

1. c4 c6 2. Nf3 d5 3. e3 Nf6 4. Nc3 e6 5. b3 Nbd7 6. Bb2 Bd6 7. Rc1 a6 8. d4 O-O 9. Bd3 e5 10. cxd5 cxd5 11. dxe5 Nxe5 12. Be2 Nc6 13. O-O Bf5 14. h3 Qd7 15. Na4 Ne4 16. Nb6 Qe6 17. Qxd5 Qxd5 18. Nxd5 Rad8 19. Rfd1 h6 20. Nc3 Nb4 21. Nxe4 Bxe4 22. Rd4 Bh7 23. Rcd1 Be7 24. Ba3 a5 25. Rd7 Rxd7 26. Rxd7 Bf6 27. Rxb7 Rc8 28. Bxb4 axb4 29. Rxb4 Bb1 30. a4 g6 31. Bc4 Rc7 32. Nd4 Be7 33. Rb5 Bd6 34. Rd5 Be7 35. Rb5 Bd6 36. g3 Be4 37. f3 Bc6 38. Nxc6 Rxc6 39. Kf2 Bc5 40. f4 Bd6 41. Rb7 Rc5 42. Bxf7+ Kg7 43. Bc4+ Kf6 44. Rf7# 1-0


[Site "https://www.chess.com"]

[Event "Titled Tuesday Blitz August 15 Early 2023"]
[White "Parkhov, Yair"]
[Black "Womacka, Mathias"]
[WhiteFideId "2813408"]
[BlackFideId "4611390"]
[WhiteElo "2651"]
[BlackElo "2454"]
[Result "1-0"]
[Round "5"]
[TimeControl "180+1"]
[Date "2023.08.15"]
[WhiteClock "0:00:16"]
[BlackClock "0:00:00"]
[Board "87"]

1. e4 c5 2. Nf3 d6 3. c3 Nf6 4. Be2 Bg4 5. O-O e6 6. h3 Bh5 7. d4 Be7 8. dxc5 dxc5 9. Qxd8+ Bxd8 10. Nbd2 O-O 11. Re1 Nc6 12. Bb5 Rc8 13. Nb3 Be7 14. Nfd2 Rfd8 15. Nf1 Bg6 16. f3 Ne5 17. Bf4 Nd3 18. Bxd3 Rxd3 19. Rad1 Rcd8 20. Rxd3 Rxd3 21. Nc1 Rd8 22. Ne3 h5 23. Rd1 Rxd1+ 24. Nxd1 Nd7 25. Nf2 f6 26. Be3 Bf7 27. c4 g5 28. b3 Bg6 29. Ne2 Kf7 30. Nc3 Ne5 31. Kf1 h4 32. Ke2 Nc6 33. Nd3 b6 34. Nb5 Ke8 35. Na3 Kd7 36. Nc2 Bd6 37. Nf2 Ne5 38. Ne1 Be7 39. Ned3 Nxd3 40. Kxd3 Bd6 41. Ke2 Be5 42. Bd2 Bd4 43. Be3 Bxe3 44. Kxe3 Kd6 45. Nd3 e5 46. Ne1 Bf7 47. Nc2 Be6 48. Kd3 Bd7 49. Ne3 Bc6 50. Nf5+ Ke6 51. Ng7+ Kf7 52. Nf5 Ke6 53. Kc3 Bb7 54. a3 Bc6 55. Ne3 Kd6 56. b4 Bb7 57. Nf5+ Ke6 58. Kb3 Bc6 59. Ne3 Kd6 60. Ng4 Ke6 61. Nf2 Kd6 62. Nd3 Bd7 63. a4 a5 64. bxc5+ bxc5 65. Nf2 Kc6 66. Nd1 1-0


[Site "https://www.chess.com"]

[Event "Titled Tuesday Blitz August 15 Early 2023"]
[White "Iskusnyh, Sergei"]
[Black "Mrudul Dehankar"]
[WhiteFideId "4120027"]
[BlackFideId "25096990"]
[WhiteElo "2635"]
[BlackElo "2452"]
[Result "1-0"]
[Round "5"]
[TimeControl "180+1"]
[Date "2023.08.15"]
[WhiteClock "0:00:06"]
[BlackClock "0:00:00"]
[Board "88"]

1. d4 Nf6 2. c4 e6 3. g3 Bb4+ 4. Bd2 Qe7 5. Bg2 Nc6 6. e3 Bxd2+ 7. Nxd2 O-O 8. Ne2 d6 9. O-O e5 10. d5 Nb4 11. a3 Nd3 12. Qc2 Nc5 13. b4 Ncd7 14. Nc3 Re8 15. Rac1 Nf8 16. Nb3 Bd7 17. c5 b6 18. c6 Bc8 19. a4 h5 20. a5 Ng6 21. Ra1 b5 22. Nxb5 Ba6 23. Nc3 Bxf1 24. Bxf1 h4 25. Nd2 Ng4 26. Qf5 Nh6 27. Qh5 Qf6 28. Nde4 Qf5 29. Qxf5 Nxf5 30. g4 Nfe7 31. g5 Rab8 32. b5 Kh7 33. Bh3 Rf8 34. Bd7 f5 35. Nd2 f4 36. e4 f3 37. Nc4 Rf4 38. b6 axb6 39. axb6 cxb6 40. Nxd6 Rbf8 41. c7 h3 42. c8=Q Nxc8 43. Nxc8 Nh4 44. Nd6 g6 45. Ne8 Kh8 46. Nf6 Ng2 47. Bxh3 1-0


[Site "https://www.chess.com"]

[Event "Titled Tuesday Blitz August 15 Early 2023"]
[White "Bodnaruk, Anastasia"]
[Black "Ben Artzi, Ido"]
[WhiteFideId "4181751"]
[BlackFideId "2810913"]
[WhiteElo "2612"]
[BlackElo "2452"]
[Result "1/2-1/2"]
[Round "5"]
[TimeControl "180+1"]
[Date "2023.08.15"]
[WhiteClock "0:00:12"]
[BlackClock "0:00:21"]
[Board "89"]

1. e4 e5 2. Nf3 Nc6 3. Bb5 a6 4. Ba4 Nf6 5. O-O Be7 6. Re1 b5 7. Bb3 d6 8. c3 O-O 9. h3 Nb8 10. d4 Nbd7 11. Nbd2 Bb7 12. Bc2 Re8 13. Nf1 Bf8 14. Ng3 g6 15. Bg5 h6 16. Bd2 c5 17. a4 Nb6 18. b3 Qc7 19. a5 Nbd7 20. d5 c4 21. b4 Rad8 22. Nh2 Bc8 23. Rf1 Bg7 24. h4 h5 25. Nf3 Ng4 26. Ng5 Nf8 27. Qe2 Nh7 28. f3 Nh6 29. Rae1 f6 30. Nxh7 Kxh7 31. Qd1 Rf8 32. f4 Ng4 33. Qf3 exf4 34. Bxf4 Qa7+ 35. Kh1 Ne5 36. Qd1 Bg4 37. Qd4 Qxd4 38. cxd4 Nd3 39. Bxd3 cxd3 40. Rf2 g5 41. Bd2 f5 42. Bxg5 Bxd4 43. Ra2 d2 44. Bxd2 Bf2 45. Nxf5 Bxe1 46. Bxe1 Rde8 47. Ng3 Rc8 48. Kh2 Rc1 49. Bd2 Rd1 50. Bg5 Rc8 51. Be7 Rc3 52. Bxd6 Rcd3 53. Rf2 R3d2 54. Rxd2 Rxd2 55. Kg1 Kg6 56. Bc7 Rc2 57. d6 Kf7 58. e5 Ke6 59. Ne4 Rc4 60. Nc5+ Kd5 61. Bb6 Rxb4 62. d7 Bxd7 63. Nxd7 Rb1+ 64. Kf2 b4 65. Kf3 b3 66. Nf6+ Kxe5 67. Nd7+ Kd6 68. Nc5 b2 69. Ne4+ Kc6 70. Nc3 Rf1+ 71. Ke2 b1=Q 72. Nxb1 Rxb1 73. Kf3 Kd5 74. g3 Rb4 75. Ke3 Rg4 76. Kf3 Ke5 77. Bc7+ Kf5 78. Bf4 Rg6 79. Ke3 Re6+ 80. Kf3 Re4 81. Bc7 Ra4 82. Bb6 Ra3+ 83. Kg2 Kg4 84. Bc7 Rc3 85. Bd6 Rc2+ 86. Kf1 Kf3 87. Ke1 Rg2 88. Kf1 Rxg3 89. Bxg3 Kxg3 90. Kg1 Kxh4 91. Kh2 Kg4 92. Kg2 Kf4 93. Kh3 Ke4 94. Kh4 Kd4 95. Kxh5 Kc4 96. Kg4 Kb4 97. Kf3 Kxa5 98. Ke2 Kb4 99. Kd1 Kb3 100. Kc1 Ka2 101. Kc2 a5 102. Kc1 a4 103. Kc2 a3 104. Kc1 Ka1 105. Kc2 a2 106. Kc1 1/2-1/2


[Site "https://www.chess.com"]

[Event "Titled Tuesday Blitz August 15 Early 2023"]
[White "Rangel, Daniel"]
[Black "Sydoryka, Vladyslav"]
[WhiteFideId "2124475"]
[BlackFideId "14145928"]
[WhiteElo "2451"]
[BlackElo "2611"]
[Result "0-1"]
[Round "5"]
[TimeControl "180+1"]
[Date "2023.08.15"]
[WhiteClock "0:00:01"]
[BlackClock "0:00:08"]
[Board "90"]

1. d4 Nf6 2. c4 e6 3. Nc3 Bb4 4. Bd2 O-O 5. e3 Re8 6. Bd3 d5 7. Nf3 b6 8. O-O Bb7 9. cxd5 exd5 10. Qc2 c5 11. a3 Bxc3 12. Bxc3 c4 13. Bf5 Nc6 14. Ne5 Ne7 15. Bh3 Bc8 16. Bxc8 Qxc8 17. Rae1 Qf5 18. Qc1 Nd7 19. f3 Nxe5 20. dxe5 Nc6 21. f4 Qe4 22. Qb1 Rad8 23. Qxe4 dxe4 24. Rd1 Rd3 25. Kf2 Red8 26. Rc1 b5 27. Rfe1 Kf8 28. Re2 Ke7 29. Be1 Ke6 30. g4 g6 31. h3 a6 32. Bc3 R8d7 33. Be1 Ne7 34. a4 Rd1 35. Rxd1 Rxd1 36. axb5 axb5 37. Rd2 Rxd2+ 38. Bxd2 Nd5 39. Ke2 b4 40. Bc1 Kd7 41. Kd1 Kc6 42. Kc2 Kb5 43. Bd2 Kc5 44. Bc1 b3+ 45. Kd2 c3+ 46. bxc3 Kc4 47. Bb2 Nb6 48. f5 Kd5 49. e6 Nc4+ 50. Kc1 fxe6 51. fxg6 hxg6 52. h4 Ke5 53. Kb1 Kf6 54. Bc1 Ne5 55. h5 g5 56. Kb2 Nxg4 57. Kxb3 Kg7 58. c4 Nf6 59. Bb2 g4 60. Be5 Kf7 61. h6 Kg6 62. c5 Nd7 63. c6 Nc5+ 64. Kc4 Nd3 65. Bg3 Nb2+ 66. Kc5 Na4+ 67. Kb5 Nc3+ 68. Kc4 Nd5 69. c7 Nxc7 70. Bxc7 Kxh6 71. Bg3 Kg5 72. Kd4 Kf5 73. Bh2 Kg5 74. Kxe4 Kh4 75. Kf4 Kh3 76. Bg1 Kg2 77. Kxg4 Kxg1 78. Kf4 Kf2 79. e4 Ke2 80. e5 Kd3 81. Kg5 Ke4 82. Kf6 Kd5 83. Kg5 Kxe5 84. Kg4 Ke4 85. Kg3 Ke3 86. Kg4 e5 87. Kg3 e4 88. Kg2 Kd2 89. Kf1 e3 90. Kg2 e2 0-1


[Site "https://www.chess.com"]

[Event "Titled Tuesday Blitz August 15 Early 2023"]
[White "Pesotskiy, Mikhail"]
[Black "SmirnovAlexandrA"]
[WhiteFideId "34164453"]
[WhiteElo "2451"]
[BlackElo "2607"]
[Result "0-1"]
[Round "5"]
[TimeControl "180+1"]
[Date "2023.08.15"]
[WhiteClock "0:00:07"]
[BlackClock "0:01:30"]
[Board "91"]

1. d4 Nf6 2. c4 g6 3. Nc3 Bg7 4. e4 d6 5. f3 O-O 6. Be3 c5 7. dxc5 Qa5 8. cxd6 Rd8 9. Qa4 Qe5 10. dxe7 Qxe7 11. Nge2 Nc6 12. Nd5 Nxd5 13. cxd5 Rxd5 14. exd5 Qxe3 15. dxc6 Bxb2 16. Qf4 Bc3+ 17. Kd1 Qd3+ 18. Kc1 Bxa1 19. Qd2 Qc4+ 20. Kb1 Bf6 21. Ng3 Qxc6 22. Bd3 Be6 23. Rc1 Qb6+ 0-1


[Site "https://www.chess.com"]

[Event "Titled Tuesday Blitz August 15 Early 2023"]
[White "Golubev, Mikhail"]
[Black "Rosenberg, Evan S"]
[WhiteFideId "14100983"]
[BlackFideId "2019299"]
[WhiteElo "2606"]
[BlackElo "2448"]
[Result "0-1"]
[Round "5"]
[TimeControl "180+1"]
[Date "2023.08.15"]
[WhiteClock "0:00:00"]
[BlackClock "0:00:12"]
[Board "92"]

1. e4 c5 2. Nf3 g6 3. d4 cxd4 4. Nxd4 Nf6 5. Nc3 Nc6 6. Bc4 Bg7 7. Be3 Qa5 8. O-O O-O 9. Nb3 Qc7 10. Bg5 d6 11. Bxf6 exf6 12. Nd5 Qd8 13. c3 f5 14. exf5 Bxf5 15. Bd3 Bxd3 16. Qxd3 Ne5 17. Qe2 Re8 18. Rad1 Rc8 19. Rfe1 Kh8 20. Qc2 Nc4 21. Nd2 b5 22. Nxc4 Rxc4 23. g3 h5 24. Qd3 a6 25. Rxe8+ Qxe8 26. Ne3 Re4 27. Kg2 Re6 28. Nd5 Qa8 29. h3 Re5 30. Qf3 Rf5 31. Qd3 h4 32. g4 Re5 33. Kg1 Qe8 34. Kg2 Re1 35. Rxe1 Qxe1 36. Qf3 Qe6 37. b3 a5 38. Nf4 Qf6 39. Nd5 Qxf3+ 40. Kxf3 a4 41. bxa4 bxa4 42. c4 Be5 43. Nb6 a3 44. Ke4 Kg7 45. Kd5 Kf6 46. Nc8 Bg3 47. f3 Kg5 48. Nxd6 Kf4 49. c5 Kxf3 50. c6 Bxd6 51. Kxd6 Kg3 52. c7 Kxh3 53. c8=Q Kg3 54. Qc3+ Kxg4 55. Qc4+ Kg3 56. Qxf7 g5 57. Qb3+ Kg2 58. Qxa3 g4 59. Qb4 Kg3 60. Qc3+ Kg2 61. Qd2+ Kg3 62. Qe3+ Kg2 63. Qf4 Kh3 64. a4 g3 65. Qf3 Kh2 66. Qf4 h3 67. a5 Kg2 68. Qe4+ Kh2 69. Qe5 Kg2 70. Qe2+ Kh1 0-1


[Site "https://www.chess.com"]

[Event "Titled Tuesday Blitz August 15 Early 2023"]
[White "Vlassov, Nikolai"]
[Black "Manukian, Artak"]
[WhiteFideId "4103360"]
[BlackFideId "13301373"]
[WhiteElo "2602"]
[BlackElo "2446"]
[Result "1-0"]
[Round "5"]
[TimeControl "180+1"]
[Date "2023.08.15"]
[WhiteClock "0:01:34"]
[BlackClock "0:01:47"]
[Board "93"]

1. e4 c6 2. d4 d5 3. f3 e6 4. Nc3 Bb4 5. Be3 Nf6 6. e5 Nfd7 7. a3 Be7 8. f4 g6 9. Nf3 O-O 10. Qd2 b5 11. g4 Nb6 12. h4 a5 13. h5 b4 14. Nd1 bxa3 15. bxa3 Nc4 16. Qh2 Bh4+ 17. Qxh4 Qxh4+ 18. Rxh4 Ba6 19. Bxc4 Bxc4 20. Nf2 Nd7 21. Kd2 Rfb8 22. hxg6 hxg6 23. Rah1 Kf8 24. f5 gxf5 25. gxf5 exf5 26. Bg5 f6 27. Bxf6 Nxf6 28. exf6 Kf7 29. Rh7+ Kxf6 30. R1h6# 1-0


[Site "https://www.chess.com"]

[Event "Titled Tuesday Blitz August 15 Early 2023"]
[White "Bobkov, Vadim"]
[Black "Bilan, Danila"]
[WhiteFideId "34110876"]
[BlackFideId "24161918"]
[WhiteElo "2445"]
[BlackElo "2597"]
[Result "1-0"]
[Round "5"]
[TimeControl "180+1"]
[Date "2023.08.15"]
[WhiteClock "0:01:19"]
[BlackClock "0:00:00"]
[Board "94"]

1. d4 d5 2. c4 c6 3. Nc3 Nf6 4. e3 e6 5. Nf3 Nbd7 6. Be2 Bd6 7. O-O O-O 8. b3 Ne4 9. Nxe4 dxe4 10. Nd2 f5 11. f3 exf3 12. Nxf3 e5 13. c5 Bc7 14. Bc4+ Kh8 15. e4 exd4 16. Ng5 Ne5 17. Qh5 h6 18. Ne6 Bxe6 19. Bxe6 Qe8 20. Qxe8 Raxe8 21. exf5 Nd3 22. Ba3 Bf4 23. g3 Be3+ 24. Kg2 g6 25. Rad1 Nf2 26. Rde1 Ne4 27. Bb2 Kh7 28. fxg6+ Kxg6 29. Bd7 Rd8 30. Bg4 Nd2 31. Rxf8 Rxf8 32. Re2 h5 33. Be6 Nf1 34. Bc4 Nd2 35. Bd3+ Kg5 36. Bc1 1-0


[Site "https://www.chess.com"]

[Event "Titled Tuesday Blitz August 15 Early 2023"]
[White "Bazilius, Augustinas"]
[Black "HamedWafa4"]
[WhiteFideId "12832251"]
[WhiteElo "2443"]
[BlackElo "2597"]
[Result "1-0"]
[Round "5"]
[TimeControl "180+1"]
[Date "2023.08.15"]
[WhiteClock "0:00:42"]
[BlackClock "0:00:11"]
[Board "95"]

1. e4 e5 2. Nf3 Nc6 3. d4 exd4 4. Nxd4 Bc5 5. Nxc6 Qf6 6. Qf3 Qxf3 7. gxf3 dxc6 8. Be3 Bxe3 9. fxe3 h5 10. Nc3 h4 11. Rg1 Ne7 12. Rxg7 Be6 13. Ne2 Ng6 14. Nf4 Nxf4 15. exf4 Kf8 16. Rg1 Rd8 17. f5 Bc8 18. Rd1 Rxd1+ 19. Kxd1 c5 20. Kd2 a6 21. Ke3 b5 22. Kf4 c4 23. e5 Bb7 24. b3 cxb3 25. cxb3 c5 26. Bd3 Ke7 27. Be4 Bxe4 28. Kxe4 Rd8 29. f4 Rd2 30. f6+ Kf8 31. f5 c4 32. e6 fxe6 33. fxe6 c3 34. Rg7 Re2+ 35. Kf5 c2 36. Rc7 Kg8 37. f7+ Kg7 38. Rc8 Rf2+ 39. Ke5 h3 40. Kd6 b4 41. Ke7 Kg6 42. f8=Q 1-0


[Site "https://www.chess.com"]

[Event "Titled Tuesday Blitz August 15 Early 2023"]
[White "Herman, Daniel"]
[Black "Budrewicz, Krzysztof"]
[WhiteFideId "30935008"]
[BlackFideId "1127950"]
[WhiteElo "2438"]
[BlackElo "2597"]
[Result "0-1"]
[Round "5"]
[TimeControl "180+1"]
[Date "2023.08.15"]
[WhiteClock "0:00:14"]
[BlackClock "0:01:12"]
[Board "96"]

1. d4 Nf6 2. c4 g6 3. Nc3 Bg7 4. e4 O-O 5. h3 d6 6. Nf3 e5 7. d5 Nbd7 8. Be3 Nc5 9. Nd2 a5 10. g4 a4 11. Qf3 Ne8 12. O-O-O f5 13. gxf5 gxf5 14. Rg1 f4 15. Bxc5 dxc5 16. Qh5 Bd7 17. Nf3 Qe7 18. Qxe5 Qxe5 19. Nxe5 Bc8 20. Nd3 Nd6 21. Nxc5 a3 22. b3 b6 23. Nd3 Kh8 24. e5 Nf7 25. Re1 Bf5 26. Nb5 Bxd3 27. Bxd3 Nxe5 28. Be4 Rac8 29. Kb1 Rf7 30. Nxa3 Re8 31. Nb5 Rfe7 32. Bc2 Nf3 33. Rxe7 Rxe7 34. Rd1 Be5 35. Be4 Ng5 36. Bc2 Nxh3 37. b4 Nxf2 38. Rf1 Ng4 39. c5 Ne3 40. Re1 Nxd5 41. a3 bxc5 42. bxc5 f3 43. Be4 f2 44. Rf1 Bg3 45. Bxd5 Re1+ 46. Kc2 Rxf1 47. Bc4 Ra1 48. Kb2 f1=Q 49. Bxf1 Rxf1 50. a4 Bf2 51. c6 Bb6 52. Kb3 Rf4 53. Na3 h5 54. Nc4 Rxc4 55. Kxc4 h4 56. Kb5 h3 57. a5 Bxa5 58. Kxa5 h2 59. Ka6 h1=Q 60. Kb7 Qh2 61. Kc8 Qd6 62. Kb7 Kg7 0-1


[Site "https://www.chess.com"]

[Event "Titled Tuesday Blitz August 15 Early 2023"]
[White "Sadykov, Ramil"]
[Black "WindWhistler11"]
[WhiteFideId "24113590"]
[WhiteElo "2595"]
[BlackElo "2435"]
[Result "0-1"]
[Round "5"]
[TimeControl "180+1"]
[Date "2023.08.15"]
[WhiteClock "0:00:00"]
[BlackClock "0:00:18"]
[Board "97"]

1. d4 Nf6 2. Nc3 e6 3. Bf4 a6 4. e4 d5 5. e5 Nfd7 6. Nce2 c5 7. c3 Nc6 8. Nf3 b5 9. h4 Be7 10. h5 f5 11. h6 g5 12. Be3 c4 13. Rh5 Rg8 14. g3 Nf8 15. Qd2 g4 16. Nh4 Qb6 17. Bg5 Bd7 18. Bxe7 Nxe7 19. Rg5 Nfg6 20. Nxg6 hxg6 21. Nf4 Kf7 22. Be2 Rh8 23. Nh5 Rxh6 24. Nf6 Rh1+ 25. Bf1 Qb7 26. O-O-O Rah8 27. Qf4 b4 28. Qd2 Ba4 29. Re1 a5 30. Bg2 Rxe1+ 31. Qxe1 bxc3 32. Qxc3 Qb4 33. Kd2 Rh2 34. Bf1 Rxf2+ 35. Be2 Nc6 36. Ke3 Rg2 0-1


[Site "https://www.chess.com"]

[Event "Titled Tuesday Blitz August 15 Early 2023"]
[White "Manukyan, Sargis A."]
[Black "Batsiashvili, Nino"]
[WhiteFideId "13303970"]
[BlackFideId "13602993"]
[WhiteElo "2594"]
[BlackElo "2434"]
[Result "1-0"]
[Round "5"]
[TimeControl "180+1"]
[Date "2023.08.15"]
[WhiteClock "0:00:45"]
[BlackClock "0:00:00"]
[Board "98"]

1. d4 d5 2. c4 e6 3. Nc3 Nf6 4. Nf3 Nbd7 5. Bg5 Bb4 6. e3 O-O 7. cxd5 exd5 8. Bd3 c5 9. O-O c4 10. Bc2 Qa5 11. Ne2 Ne4 12. Bf4 Re8 13. Ng3 b5 14. a4 Bf8 15. axb5 Qxb5 16. Ba4 Qxb2 17. Bc6 Rb8 18. Bxb8 Qxb8 19. Nxe4 dxe4 20. Ne5 Nxe5 21. Bxe8 Ng4 22. g3 Nf6 23. Ba4 Bg4 24. Qc1 Qc8 25. Bd1 Bf3 26. Bxf3 exf3 27. Qd1 Qg4 28. h3 Qf5 29. Rxa7 h5 30. Ra6 c3 31. Rxf6 gxf6 32. Kh2 Bd6 33. Qb3 h4 34. Qxc3 hxg3+ 35. fxg3 f2 36. Qd2 1-0


[Site "https://www.chess.com"]

[Event "Titled Tuesday Blitz August 15 Early 2023"]
[White "Lana Rodriguez, David"]
[Black "Yeritsyan, Hayk"]
[WhiteFideId "2270803"]
[BlackFideId "13307320"]
[WhiteElo "2589"]
[BlackElo "2433"]
[Result "1-0"]
[Round "5"]
[TimeControl "180+1"]
[Date "2023.08.15"]
[WhiteClock "0:01:49"]
[BlackClock "0:00:00"]
[Board "99"]

1. e4 c6 2. Nf3 d5 3. exd5 cxd5 4. d4 Nf6 5. c3 Bg4 6. Nbd2 Nc6 7. Bb5 e6 8. Qa4 Qb6 9. Ne5 Rc8 10. O-O Bd6 11. Re1 O-O 12. a3 Bh5 13. Nf1 Bg6 14. Ng3 Qc7 15. Bxc6 bxc6 16. b4 Ne4 17. Nxe4 Bxe4 18. f3 Bg6 19. Bf4 Bxe5 20. Bxe5 Qb7 21. Bd6 Rfe8 22. Bc5 a6 23. Re3 Qb5 24. Qxb5 axb5 25. a4 bxa4 26. Rxa4 Ra8 27. Rxa8 Rxa8 28. Bb6 Ra3 29. Kf2 Bb1 30. Bc5 Ra4 31. Re1 Bd3 32. Rd1 Bc4 33. Kg3 f6 34. Re1 Kf7 35. h4 h5 36. Kf4 Ra2 37. g3 Ra3 38. Rc1 Ra2 39. Re1 Ra3 40. b5 Ra8 41. b6 Bb5 42. Rb1 Ke8 43. Bd6 Rd8 44. b7 Rxd6 45. b8=Q+ Rd8 46. Qc7 1-0


[Site "https://www.chess.com"]

[Event "Titled Tuesday Blitz August 15 Early 2023"]
[White "Chor, Kevin"]
[Black "Begunov, Konstantin"]
[WhiteFideId "2090740"]
[BlackFideId "4118510"]
[WhiteElo "2588"]
[BlackElo "2432"]
[Result "1-0"]
[Round "5"]
[TimeControl "180+1"]
[Date "2023.08.15"]
[WhiteClock "0:00:19"]
[BlackClock "0:00:05"]
[Board "100"]

1. e4 c5 2. Nf3 d6 3. d4 cxd4 4. Nxd4 Nf6 5. Nc3 a6 6. Be2 e5 7. Nb3 Be7 8. O-O O-O 9. Be3 Be6 10. Nd5 Bxd5 11. exd5 Nbd7 12. Qd2 b5 13. Na5 Nc5 14. Nc6 Qc7 15. f3 Rac8 16. b4 Na4 17. c4 bxc4 18. Bxc4 Nb6 19. Bxa6 Ra8 20. Nxe7+ Qxe7 21. Bxb6 Rxa6 22. Bf2 Qb7 23. a4 Rfa8 24. Rfc1 Rxa4 25. Rxa4 Rxa4 26. Qc2 Ra8 27. Qc6 Qb8 28. b5 e4 29. b6 Qf8 30. b7 Rb8 31. Ba7 Rxb7 32. Qxb7 exf3 33. Rc8 Ne8 34. Qd7 1-0


[Site "https://www.chess.com"]

[Event "Titled Tuesday Blitz August 15 Early 2023"]
[White "Altman, Joshua"]
[Black "Todorovic, Bojan"]
[WhiteFideId "426210"]
[BlackFideId "917087"]
[WhiteElo "2584"]
[BlackElo "2429"]
[Result "1-0"]
[Round "5"]
[TimeControl "180+1"]
[Date "2023.08.15"]
[WhiteClock "0:00:04"]
[BlackClock "0:00:00"]
[Board "101"]

1. Nf3 g6 2. d4 Bg7 3. c4 d6 4. Nc3 Nf6 5. Bg5 O-O 6. e3 c5 7. d5 b5 8. cxb5 Qa5 9. Nd2 a6 10. a4 axb5 11. Bxb5 Ba6 12. O-O Nbd7 13. Re1 Bxb5 14. Nxb5 Qb4 15. e4 c4 16. Qc2 Rfc8 17. h3 Ne5 18. Be3 Nd3 19. Reb1 Nd7 20. Nd4 Bxd4 21. Bxd4 N7c5 22. Ra3 Nxa4 23. Rba1 Ndc5 24. Nxc4 Nxe4 25. Rxa4 Rxa4 26. Rxa4 Qe1+ 27. Kh2 1-0


[Site "https://www.chess.com"]

[Event "Titled Tuesday Blitz August 15 Early 2023"]
[White "Musovic, Armin"]
[Black "Miszler, Levente"]
[WhiteFideId "939935"]
[BlackFideId "763276"]
[WhiteElo "2582"]
[BlackElo "2423"]
[Result "1-0"]
[Round "5"]
[TimeControl "180+1"]
[Date "2023.08.15"]
[WhiteClock "0:01:04"]
[BlackClock "0:01:45"]
[Board "102"]

1. a3 a6 2. Nc3 Nc6 3. e4 g6 4. Bc4 Bg7 5. d3 b5 6. Ba2 e6 7. h4 h6 8. Nge2 Nge7 9. d4 d5 10. exd5 exd5 11. Ng3 Nxd4 12. h5 g5 13. O-O Be6 14. Re1 O-O 15. Be3 c5 16. b4 cxb4 17. Bxd4 bxc3 18. Bxg7 Kxg7 19. Qd4+ Kg8 20. Qf6 Kh7 21. Qxc3 Rc8 22. Qd3+ Kg7 23. Rad1 Qc7 24. Qd4+ Kg8 25. Qf6 Qf4 26. Qxe7 Rxc2 27. Re2 Rxe2 28. Nxe2 Qe4 29. Nd4 Rc8 30. Bb1 Qf4 31. Nxe6 1-0


[Site "https://www.chess.com"]

[Event "Titled Tuesday Blitz August 15 Early 2023"]
[White "Rozhkov, Viacheslav"]
[Black "Onufrienko, Vladislav"]
[WhiteFideId "4181484"]
[BlackFideId "13804332"]
[WhiteElo "2419"]
[BlackElo "2571"]
[Result "0-1"]
[Round "5"]
[TimeControl "180+1"]
[Date "2023.08.15"]
[WhiteClock "0:00:00"]
[BlackClock "0:00:09"]
[Board "104"]

1. e4 Nf6 2. e5 Nd5 3. d4 d6 4. Nf3 dxe5 5. Nxe5 Nd7 6. Nxd7 Bxd7 7. Bd3 Bc6 8. O-O Nb4 9. Bc4 e6 10. a3 Nd5 11. Bd3 Be7 12. c4 Nf6 13. Be3 O-O 14. Nc3 a6 15. Qe2 Re8 16. Rad1 Qc8 17. b4 b6 18. h3 Qb7 19. f3 Rad8 20. Ne4 Nxe4 21. fxe4 Bxe4 22. Bxe4 Qxe4 23. Rf4 Qc6 24. Rdf1 f6 25. Qh5 f5 26. d5 exd5 27. Rxf5 g6 28. Qg4 Qd7 29. cxd5 Rf8 30. Rxf8+ Bxf8 31. Qc4 Bd6 32. Bg5 Re8 33. Bh6 Qe7 34. Qd4 Qe5 35. Qxe5 Bxe5 36. Rd1 Bd6 37. Kf1 Re5 38. Rd2 Rf5+ 39. Kg1 g5 40. h4 gxh4 41. Be3 Kf7 42. Rf2 Kg6 0-1


[Site "https://www.chess.com"]

[Event "Titled Tuesday Blitz August 15 Early 2023"]
[White "Trifan, Andrei Ioan"]
[Black "Li, Eric"]
[WhiteFideId "12967068"]
[BlackFideId "30939941"]
[WhiteElo "2568"]
[BlackElo "2419"]
[Result "1-0"]
[Round "5"]
[TimeControl "180+1"]
[Date "2023.08.15"]
[WhiteClock "0:00:25"]
[BlackClock "0:00:06"]
[Board "105"]

1. e4 c5 2. Nf3 d6 3. d4 cxd4 4. Nxd4 Nf6 5. Nc3 a6 6. Be2 e5 7. Nb3 Be7 8. O-O O-O 9. a4 Nc6 10. Be3 Be6 11. Qd3 Na5 12. Nxa5 Qxa5 13. Bf3 Rac8 14. Nd5 Bxd5 15. exd5 Qb4 16. Rfb1 e4 17. c3 exd3 18. cxb4 Rc4 19. Bd2 Ne4 20. Bxe4 Rxe4 21. Re1 Rxe1+ 22. Rxe1 Bf6 23. Re3 Bxb2 24. Rxd3 Rc8 25. g3 h5 26. Bf4 Be5 27. Bxe5 dxe5 28. Kg2 f6 29. d6 Kf7 30. d7 Rd8 31. f4 exf4 32. gxf4 Ke7 33. Rg3 Kf7 34. Rd3 Ke6 35. Kh3 Rxd7 36. f5+ Ke7 37. Rxd7+ Kxd7 38. Kh4 Ke7 39. Kxh5 Kf7 40. a5 Kf8 41. Kg6 Kg8 42. h4 Kf8 43. h5 Kg8 44. h6 gxh6 45. Kxh6 Kf8 46. Kg6 Ke7 47. Kg7 1-0


[Site "https://www.chess.com"]

[Event "Titled Tuesday Blitz August 15 Early 2023"]
[White "Souleidis, Georgios"]
[Black "KorolDimitriy75"]
[WhiteFideId "4206827"]
[WhiteElo "2561"]
[BlackElo "2418"]
[Result "0-1"]
[Round "5"]
[TimeControl "180+1"]
[Date "2023.08.15"]
[WhiteClock "0:00:00"]
[BlackClock "0:00:09"]
[Board "106"]

1. e4 c5 2. Be2 g6 3. d3 Bg7 4. f4 Nc6 5. Nf3 d6 6. O-O e5 7. fxe5 dxe5 8. c3 Nge7 9. Be3 b6 10. Qe1 h6 11. Qh4 Be6 12. Nbd2 Qd7 13. Nc4 f5 14. Kh1 f4 15. Bg1 O-O-O 16. b4 g5 17. Qe1 g4 18. Nh4 cxb4 19. Bxb6 Rdf8 20. Bc5 Bf6 21. cxb4 Kb8 22. b5 Nd4 23. Bxe7 Bxe7 24. Ng6 Bf6 25. Nxh8 Rxh8 26. b6 a6 27. Qa5 Nxe2 28. Qxa6 g3 0-1


[Site "https://www.chess.com"]

[Event "Titled Tuesday Blitz August 15 Early 2023"]
[White "Lorenzo De La Riva, Lazaro"]
[Black "Shapiro, Viktor"]
[WhiteFideId "2268809"]
[BlackFideId "4175700"]
[WhiteElo "2416"]
[BlackElo "2553"]
[Result "1/2-1/2"]
[Round "5"]
[TimeControl "180+1"]
[Date "2023.08.15"]
[WhiteClock "0:00:06"]
[BlackClock "0:00:17"]
[Board "107"]

1. c4 Nf6 2. Nf3 c5 3. g3 g6 4. Bg2 Bg7 5. O-O Nc6 6. Nc3 d6 7. b3 a6 8. Bb2 Rb8 9. d3 b5 10. Qd2 O-O 11. Ng5 Bd7 12. Nd5 bxc4 13. dxc4 Nxd5 14. Bxg7 Kxg7 15. Bxd5 e6 16. Bg2 Nd4 17. Nf3 e5 18. e3 Nxf3+ 19. Bxf3 Be6 20. Rfd1 Rb6 21. Bd5 Bg4 22. f3 Bc8 23. Qa5 h5 24. Rd2 h4 25. g4 h3 26. Kh1 f5 27. gxf5 Bxf5 28. Rg1 Rf6 29. Rg3 Qb8 30. Qc3 Qf8 31. Kg1 Rb8 32. Kf2 Qe7 33. Ke1 Re8 34. Kd1 Kh6 35. Kc1 Ref8 36. Kb2 Rb8 37. f4 Re8 38. Bc6 exf4 39. exf4 Rc8 40. Bd5 Qe1 41. Qc1 Re8 42. Qxe1 Rxe1 43. Bf3 Rf1 44. Bb7 Re6 45. Bxa6 Rxf4 46. Bb7 Re1 47. Rf3 Rb1+ 48. Ka3 Rxf3 49. Bxf3 Kg5 50. Bd5 Kf4 51. Ka4 g5 52. Kb5 g4 53. a4 Rxb3+ 54. Kc6 Rb4 55. a5 Ra4 56. Kb6 g3 57. hxg3+ Kxg3 58. a6 Bg4 59. a7 h2 60. Rd3+ Kf2 61. Rd2+ Be2 62. Kb7 Ke1 63. Rxe2+ Kxe2 64. a8=Q Rxa8 65. Kxa8 Kd3 66. Kb7 h1=Q 67. Bxh1 Kxc4 68. Kc6 Kd4 69. Kb5 c4 70. Bf3 c3 71. Bd1 Kd3 72. Kc6 Kd2 73. Bb3 c2 74. Bxc2 Kxc2 75. Kxd6 1/2-1/2


[Site "https://www.chess.com"]